 Dungeon Crawl Stone Soup version 0.23-a0-726-g9fa1570 (console) character file.

84 bli the Poker (level 4, 0/55 HPs)
             Began as a Merfolk Monk on Jan 16, 2019.
             Succumbed to a scorpion's poison
             ... on level 4 of the Dungeon.
             The game lasted 00:08:07 (2409 turns).

bli the Poker (Merfolk Monk)                        Turns: 2409, Time: 00:08:08

Health: 0/55       AC: 22    Str: 12    XL:     4   Next: 45%
Magic:  4/4        EV:  2    Int: 14    God:
Gold:   96         SH:  0    Dex: 16    Spells: 3/3 levels left

rFire    . . .     SeeInvis .   a - +0 spear
rCold    . . .     Gourm    .   (no shield)
rNeg     + + +     Faith    .   (armour currently unavailable)
rPois    +         Spirit   .   (helmet currently unavailable)
rElec    .         Reflect  .   (cloak currently unavailable)
rCorr    .         Harm     .   (gloves currently unavailable)
MR       .....     NoTele   +   (boots currently unavailable)
Stlth    ++........             (no amulet)
HPRegen  0.18/turn              (no ring)
MPRegen  0.09/turn              (no ring)

@: brilliant, lethally poisoned (0 -> -6), tree-form, very slightly
contaminated, invisible
A: (change form in water), (swift swim), (stealthy swim)
a: no special abilities


You were on level 4 of the Dungeon.
You were not hungry.
You were a tree.
You visited 1 branch of the dungeon, and saw 3 of its levels.

You collected 96 gold pieces.

Inventory:

Hand Weapons
 a - a +0 spear (weapon)
Missiles
 d - 81 stones (quivered)
Armour
 b - a +0 robe
 e - a cursed -2 ring mail (melded)
 r - a +1 leather armour
Jewellery
 h - an uncursed ring of magical power
Wands
 q - a wand of acid (2)
Scrolls
 g - a scroll of identify
 o - 2 scrolls of blinking
Potions
 f - a potion of berserk rage
 n - a potion of heal wounds {unknown}
Comestibles
 c - 2 rations
 p - a chunk of flesh


   Skills:
 + Level 4.1 Fighting
 * Level 5.6 Polearms
 + Level 0.2 Armour
 + Level 4.5 Dodging
 + Level 2.9 Stealth


You had 3 spell levels left.
You didn't know any spells.
Your spell library was empty.

Dungeon Overview and Level Annotations

Branches:
Dungeon (2/15)

Altars:
Uskayaw


Message History

* * * LOW HITPOINT WARNING * * *
You feel sick.
The scorpion stings you but does no damage.
You closely miss the scorpion.
The scorpion is moderately wounded.
The scorpion stings you.
* * * LOW HITPOINT WARNING * * *
You closely miss the scorpion.
The scorpion is moderately wounded.
* * * LOW HITPOINT WARNING * * *
You feel sick.
It was a potion of invisibility.
You fade into invisibility!
* * * LOW HITPOINT WARNING * * *
You feel sick.
The scorpion stings you but does no damage.
You are very lightly contaminated with residual magic.
It was a potion of brilliance.
You feel clever all of a sudden.
You die...

#.... #.# #.... #.#
#.....#.# #.....#.#
.# ......#.######.#
#
...............#c#
.#.......s........#
#####(##.$.......#
#.##.........#
#s##..........
#♣##.#...#.#.#
###÷##.#.#.#.# #
#......#.#.# #
###.#### #.# #.#
#.# ... #.# #.


You could see a scorpion.

Vanquished Creatures
  2 adders
  An adder zombie (D:2)
  3 worms (D:2)
  3 dart slugs
  3 leopard geckos (D:2)
  5 bats
  6 goblins
  4 hobgoblins
  4 jackals (D:2)
  A quokka (D:2)
  3 frilled lizards (D:2)
  6 kobolds
  4 rats
45 creatures vanquished.

Notes
Turn   | Place    | Note
-------+----------+-------------------------------------------
     0 | D:1      | bli the Merfolk Monk began the quest for the Orb.
     0 | D:1      | Reached XP level 1. HP: 18/18 MP: 1/1
   248 | D:1      | Reached XP level 2. HP: 16/25 MP: 2/2
   827 | D:2      | Reached XP level 3. HP: 12/30 MP: 3/3
  1287 | D:2      | Reached skill level 5 in Polearms
  1542 | D:2      | Found a hide-covered altar of Uskayaw.
  1725 | D:2      | Reached XP level 4. HP: 33/37 MP: 4/4
  2211 | D:2      | You fall through a shaft for 2 floors!
  2212 | D:4      | Noticed a centaur
  2407 | D:4      | HP: 2/55 [poisoned by a scorpion]
  2409 | D:4      | Succumbed to a scorpion's poison

Vault maps used:
D:1:      evilmike_arrival_rings
D:2:      lemuel_doored_altar
D:4:      tso_altar, uniq_duvessa

Skill      XL: |  1  2  3 |
---------------+----------+-----
Fighting       | 4 |  4.1
Polearms       | 5 |  5.6
Armour         | |  0.2
Dodging        | |  4.5
Stealth        | |  2.9

Action                   |  1- 3 |  4- 6 || total
-------------------------+-------+-------++-------
Melee: Spear             |   181 |    59 ||   240
Throw: Stone             |       |     1 ||     1
  Use: Scroll            |     6 |       ||     6
       Potion            |       |     3 ||     3
 Stab: Sleeping          |     7 |     1 ||     8
  Eat: Chunk             |     3 |     2 ||     5
Armor: Ring mail         |    15 |     4 ||    19
       Robe              |     3 |       ||     3
       Skin              |       |     2 ||     2
Dodge: Dodged            |    97 |    21 ||   118

Table legend:
 A = Non-vault XP
 B = Vault XP
 C = Vault XP percentage of total XP
 D = Non-vault monster count
 E = Vault monster count
 F = Vault count percentage of total count
                 A         B        C        D         E       F
            +---------+---------+-------+---------+---------+-------
      Total |     120 |       0 |   0.0 |      45 |       0 |   0.0
            +---------+---------+-------+---------+---------+-------
        D:1 |      25 |       0 |   0.0 |      12 |       0 |   0.0
        D:2 |      82 |       0 |   0.0 |      32 |       0 |   0.0
        D:4 |      13 |       0 |   0.0 |       1 |       0 |   0.0
            +---------+---------+-------+---------+---------+-------
